 Dungeon Crawl Stone Soup version 0.21-a0-272-g984ae92 (webtiles) character file.

1 Goblin1989 the Insei (level 1, -3/15 HPs)
             Began as a Gnoll Transmuter on Sept 16, 2017.
             Slain by a kobold
             ... wielding a +0 short sword
              (4 damage)
             ... on level 1 of the Dungeon.
             The game lasted 00:00:47 (30 turns).

Goblin1989 the Insei (Gnoll Transmuter)               Turns: 30, Time: 00:00:48

Health: -3/15      AC:  2    Str:  7    XL:     1   Next: 20%
Magic:  4/4        EV: 12    Int:  7    God:
Gold:   0          SH:  0    Dex:  7    Spells: 5/6 levels left

rFire    . . .     SeeInvis .     - Unarmed
rCold    . . .     Gourm    .   (no shield)
rNeg     . . .     Faith    .   b - +0 robe
rPois    .         Spirit   .   (no helmet)
rElec    .         Reflect  .   (no cloak)
rCorr    .         Harm     .   (no gloves)
MR       .....                  (no boots)
Stlth    +.........             (no amulet)
HPRegen  0.05/turn              (no ring)
MPRegen  0.09/turn              (no ring)

@: no status effects
A: unchanging attributes, fangs 1, strong nose
a: no special abilities


You were on level 1 of the Dungeon.
You were not hungry.

You visited 1 branch of the dungeon, and saw 1 of its levels.

Inventory:

Missiles
 a - 12 arrows
Armour
 b - a +0 robe (worn)
Books
 c - a book of Changes

   Spells                             Type                      Level
   a - Beastly Appendage              Transmutation                1
   b - Sticks to Snakes               Transmutation                2
   c - Spider Form                    Transmutation/Poison         3
   d - Ice Form                       Ice/Transmutation            4
   e - Blade Hands                    Transmutation                5
Comestibles
 e - a bread ration {@e1}


   Skills:
 + Level 1.3 Fighting
 + Level 2.6 Dodging
 * Level 4.0 Unarmed Combat
 + Level 3.0 Spellcasting
 + Level 2.6 Transmutations


You had 5 spell levels left.
You knew the following spells:

 Your Spells              Type           Power        Failure   Level  Hunger
a - Beastly Appendage     Tmut           #.....       12%         1    ##.....


Dungeon Overview and Level Annotations

Branches:
Dungeon (1/15)

Altars:


Innate Abilities, Weirdness & Mutations

Your physical attributes are unchanging.
You have very sharp teeth.
Your uncanny sense of smell can sniff out nearby items.


Message History

e - a bread ration Welcome, Goblin1989 the Gnoll Transmuter.
Will you prevail where others failed? Will you find the Orb of Zot?
Press ? for a list of commands and other information.
Found a staircase leading out of the dungeon.
You open the door.
There is an open door here.
A frilled lizard comes into view.
The frilled lizard hisses angrily.
The frilled lizard closely misses you.
You closely miss the frilled lizard. The frilled lizard bites you.
You take 1 damage, and have 14/15 hp.
You closely miss the frilled lizard. The frilled lizard misses you.
You completely miss the frilled lizard. You hit the frilled lizard.
You kill the frilled lizard!
You swing at nothing.
As you open the door, it creaks loudly!
A frilled lizard comes into view.
The frilled lizard hisses angrily.
There is an open door here.
You miss the frilled lizard. Your punch misses the frilled lizard.
Your bite misses the frilled lizard. The frilled lizard barely misses you.
A kobold comes into view. It is wielding a short sword.
You closely miss the frilled lizard.
The kobold throws a stone.
The stone hits you but does no damage. The frilled lizard bites you.
You take 2 damage, and have 12/15 hp.
You barely miss the frilled lizard.
The kobold throws a stone.
The stone barely misses you.
The frilled lizard unfolds its giant frill.
The frilled lizard bites you.
You take 2 damage, and have 10/15 hp.
You barely miss the frilled lizard.
The kobold throws a stone.
The stone barely misses you.
The frilled lizard bites you but does no damage.
You closely miss the frilled lizard. The frilled lizard bites you.
You take 2 damage, and have 8/15 hp.
You hit the frilled lizard.
You kill the frilled lizard!
The kobold throws a stone.
The stone hits you.
* * * LOW HITPOINT WARNING * * *
There is an open door here.
Things that are here:
4 stones; a frilled lizard corpse You take 3 damage, and have 5/15 hp.
The kobold throws a stone.
The stone barely misses you. The kobold hits you with a short sword.
* * * LOW HITPOINT WARNING * * *
You take 4 damage, and have 1/15 hp.
MASSIVE DAMAGE!!
You barely miss the kobold. You barely miss the kobold. You bite the kobold.
The kobold is moderately wounded.
The kobold misses you.
You closely miss the kobold. The kobold hits you with a short sword.
You die...

.██ ..█ ..█ ██
♣.. .██ ♣.♣
..██.♣ ..█K♣█
█████.█@.███
█...█.█....█
█.<.∆.(....█
█...█.█........
█████.█......██
∆
█.....█.♣███.█
█....██(♣ %█
█..███♣.♣ █ ∆
███ ..♣


You could see a kobold.

Vanquished Creatures
  2 frilled lizards (D:1)
2 creatures vanquished.

Notes
Turn   | Place    | Note
-------+----------+-------------------------------------------
     0 | D:1      | Goblin1989 the Gnoll Transmuter began the quest for the Orb.
     0 | D:1      | Reached XP level 1. HP: 15/15 MP: 4/4
    30 | D:1      | Slain by a kobold

Vault maps used:
D:1:      sevenhm_arrival_forest_fort_large_3, tso_altar

Action                   || total
-------------------------++-------
Melee: Unarmed           ||    13
       Bite              ||     1
Armor: Robe              ||     1
Dodge: Dodged            ||     7

Table legend:
 A = Spawn XP
 B = Non-spawn XP
 C = Spawn XP percentage of total XP
 D = Spawn monster count
 E = Non-spawn monster count
 F = Spawn count percentage of total count
 G = Total turns spent on level
                    A         B        C        D         E        F      G
               +---------+---------+-------+---------+---------+-------+---------
         Total |       0 |       2 |   0.0 |       0 |       2 |   0.0 |    30
               +---------+---------+-------+---------+---------+-------+---------
           D:1 |       0 |       2 |   0.0 |       0 |       2 |   0.0 |    30
               +---------+---------+-------+---------+---------+-------+---------

Vault maps used:
D:1:      sevenhm_arrival_forest_fort_large_3, tso_altar
